Map: Ruins of Seras

Players

Bagain - Winner!

  • Race: Protoss Protoss
  • League: Bronze

비말리

  • Race: Terran Terran

VOD

Have the link to the VOD?

Description

Time

  • Played on: Jan. 31, 2016, 10:16 a.m.
  • Length: 10:55
Show
View Real Time Build Order
Export as new Build Order

Bagain Protoss - Winner!

Build Orders: Oracle Opening 

Get SALT Encoding   

  12  0:01  Probe (Chrono Boost)  
  13  0:12  Probe (Chrono Boost)  
  14  0:19  Pylon  
  14  0:23  Probe (Chrono Boost)  
  15  0:37  Probe (Chrono Boost)  
  16  0:45  Gateway  
  16  0:48  Probe (Chrono Boost)  
  17  0:52  Assimilator  
  17  0:58  Probe (Chrono Boost)  
  18  1:14  Pylon  
  18  1:16  Probe (Chrono Boost)  
  19  1:26  Probe (Chrono Boost)  
  20  1:34  Cybernetics Core  
  20  1:38  Gateway  
  20  1:43  Probe (Chrono Boost)  
  20  1:44  Assimilator  
  21  1:55  Probe (Chrono Boost)  
  22  2:10  Probe (Chrono Boost)  
  22  2:12  Zealot (Chrono Boost)  
  25  2:20  Stargate  
  27  2:31  Probe  
  27  2:32  Zealot (Chrono Boost)  
  30  2:55  Nexus  
  30  3:01  Pylon  
  30  3:04  Oracle (Chrono Boost)  
  31  3:19  Mothership Core  
  32  3:22  Pylon  
  32  3:31  Robotics Facility  
  32  3:37  Adept (Chrono Boost)  
  33  4:02  Adept (Chrono Boost)  
  37  4:05  Adept (Chrono Boost)  
  37  4:07  Probe  
  38  4:10  Probe  
  39  4:18  Probe  
  39  4:19  Observer  
  39  4:23  Probe  
  42  4:28  Adept (Chrono Boost), Probe  
  45  4:35  Probe  
  46  5:15  Adept (Chrono Boost)  
  46  5:16  Immortal  
  46  5:18  Adept (Chrono Boost), Probe  
  55  5:22  Probe  
  55  5:28  Pylon x2, Probe  
  56  5:33  Assimilator  
  56  5:34  Probe  
  58  5:37  Assimilator  
  58  5:39  Probe  
  58  5:41  Oracle  
  58  5:42  Gateway  
  62  5:45  Gateway  
  62  5:46  Probe  
  62  5:49  Probe  
  64  5:59  Probe (Chrono Boost)  
  64  6:00  Probe (Chrono Boost)  
  66  6:05  Observer  
  66  6:06  Adept x2 (Chrono Boost)  
  66  6:11  Probe (Chrono Boost)  
  72  6:12  Probe (Chrono Boost)  
  72  6:17  Pylon  
  73  6:20  Pylon  
  73  6:21  Probe (Chrono Boost)  
  74  6:34  Warp Gate (Chrono Boost)  
  74  6:36  Adept x4  
  82  6:41  Forge  
  82  6:46  Twilight Council  
  82  6:47  Probe  
  82  6:49  Probe  
  84  6:57  Pylon  
  84  6:58  Probe  
  86  7:01  Probe  
  83  7:26  Photon Cannon  
  80  7:33  Photon Cannon  
  80  7:34  Stalker x2  
  80  7:35  Stalker x2  
  88  7:38  Pylon  
  88  7:41  Pylon  
  88  7:42  Photon Cannon  
  88  7:47  Photon Cannon  
  86  8:29  Immortal  
  86  8:33  Probe  
  90  8:35  Probe  
  90  8:38  Gateway  
  90  8:39  Gateway  
  92  8:42  Gateway  
  92  8:44  Probe  
  92  8:46  Photon Cannon  
  93  8:50  Sentry  
  93  8:51  Sentry x3  
  101  9:08  Immortal  
  105  9:23  Adept x4  
  113  9:48  Nexus  
  113  9:51  Assimilator  
  113  9:52  Assimilator  
  103  10:20  Adept  
  105  10:21  Adept x2  
  105  10:22  Adept  
Show
View Real Time Build Order
Export as new Build Order

비말리 Terran 

Build Orders: Reaper Expand, MMM Bio 

Get SALT Encoding   

  12  0:00  SCV  
  13  0:13  SCV  
  14  0:19  Supply Depot  
  14  0:25  SCV  
  15  0:42  Refinery  
  15  0:44  Barracks  
  15  0:45  SCV  
  16  0:57  SCV  
  17  1:10  SCV  
  18  1:22  SCV  
  19  1:31  Reaper  
  20  1:34  Orbital Command  
  20  1:48  Command Center  
  20  2:02  Supply Depot  
  20  2:03  Barracks Reactor  
  20  2:07  SCV  
  21  2:12  Refinery  
  21  2:19  SCV  
  22  2:27  Factory  
  22  2:33  SCV  
  23  2:40  Marine x2  
  25  2:45  SCV  
  26  2:53  Engineering Bay  
  26  2:57  Marine x2, SCV  
  29  3:09  SCV  
  30  3:15  Starport  
  30  3:16  Factory Tech Lab  
  30  3:21  Marine x2  
  30  3:26  Orbital Command  
  32  3:31  SCV  
  33  3:43  SCV  
  33  3:48  Marine x2  
  34  3:55  SCV  
  37  3:58  SCV  
  37  4:07  SCV  
  37  4:08  Medivac  
  40  4:10  SCV  
  40  4:11  Barracks  
  42  4:19  SCV  
  42  4:34  Supply Depot x2  
  42  4:37  Supply Depot  
  33  4:59  Barracks, Missile Turret  
  32  5:10  Liberator  
  32  5:12  Missile Turret  
  32  5:19  Marine  
  34  5:21  Stimpack  
  36  5:40  SCV  
  36  5:41  SCV  
  38  5:44  Marine  
  38  5:45  Marine  
  38  5:46  Marauder  
  42  5:51  Barracks Reactor  
  42  5:52  Barracks, SCV  
  42  5:53  Liberator, SCV  
  44  6:08  SCV  
  44  6:09  SCV  
  49  6:15  Refinery  
  49  6:17  Refinery  
  49  6:18  Marine  
  49  6:19  Marine  
  49  6:20  Marauder  
  49  6:21  SCV x2  
  55  6:32  Supply Depot  
  55  6:33  Supply Depot, SCV  
  55  6:34  Supply Depot  
  55  6:36  Marine x2  
  55  6:37  Marine x2  
  60  6:46  Barracks Reactor  
  60  6:48  Marauder  
  60  6:53  Medivac  
  64  7:05  Marine x4  
  68  7:10  Armory  
  67  7:31  Marine x5  
  67  7:32  Marine  
  67  7:33  Marauder  
  67  7:34  Medivac  
  77  8:04  Medivac  
  75  8:18  Marine x3  
  75  8:19  Marine x3  
  81  8:23  Marine  
  73  8:33  Command Center, SCV x2  
  73  8:34  Medivac  
  77  8:42  Marauder  
  77  8:43  Terran Infantry Weapons Level 1  
  77  8:45  SCV x2  
  81  8:48  Marine  
  81  8:49  Marine x4  
  81  8:50  Marine  
  81  8:51  Combat Shields  
  87  9:03  Marauder  
  87  9:04  Medivac  
  91  9:11  Marine x3  
  94  9:19  Supply Depot  
  94  9:20  Supply Depot  
  94  9:22  Supply Depot  
  94  9:23  Supply Depot x2  
  94  9:40  Marine x6, Marauder  
  94  9:41  Medivac  
  104  9:51  Orbital Command  
  104  9:55  Barracks  
  104  9:58  Marine x2  
  104  9:59  Marine x3  
  109  10:00  Marine  
  85  10:10  Concussive Shells  
  85  10:12  SCV  
  85  10:13  Marine  
  60  10:16  Marine x3  
  60  10:17  Marine  
  60  10:31  Marine x2, Marauder  
  60  10:34  Marine x3  
Tags
 
Composition
MMM Bio
League
Bronze
Matchup
PvT
Replay Pack
rep
Add a new tag
Caveats
  • Supply blocks, unpowered buildings, or Contaminate may cause inaccurate times.
  • Supply counts are checked every 10 seconds.